 Dungeon Crawl Stone Soup version 0.31-a0-188-g5e087ee2ca (webtiles) character file.

Game seed: 13867973453892670678

280 qw the Skirmisher (level 6, -6/35 HPs)
             Began as a Deep Elf Hunter on June 22, 2023.
             Mangled by an ogre
             ... wielding a +0 giant club
              (12 damage)
             ... on level 4 of the Dungeon.
             The game lasted 00:01:05 (2675 turns).

qw the Skirmisher (Deep Elf Hunter)                 Turns: 2675, Time: 00:01:05

Health: -6/35      AC:  7    Str: 10    XL:     6   Next: 5%
Magic:  8/8        EV: 11    Int: 16    God:
Gold:   115        SH:  0    Dex: 18    Spells: 5/5 levels left

rFire   . . .        Y - +2 shortbow
rCold   + . .        (shield currently unavailable)
rNeg    + . .        d - +0 ring mail
rPois   +            i - +0 helmet
rElec   .            (no cloak)
rCorr   .            g - +0 pair of gloves
SInv    .            (no boots)
Will    .....        (no amulet)
Stlth   +            b - ring of Music {*Corrode rPois rC+ rN+ Int+2}
HPRegen 0.25/turn    (no ring)
MPRegen 0.11/turn

%: corrode self (3%)
@: about to teleport
A: no striking features
a: no special abilities


You were on level 4 of the Dungeon.
You visited 1 branch of the dungeon, and saw 5 of its levels.

You collected 115 gold pieces.


   Skills:
 - Level 2.1 Fighting
 + Level 9.1 Ranged Weapons
 - Level 1.0 Armour
 - Level 2.4 Dodging
 - Level 1.2 Stealth


You had 5 spell levels left.
You didn't know any spells.
Your spell library was empty.

Inventory:

Hand Weapons
 Y - a +2 shortbow (weapon)
Armour
 d - a +0 ring mail (worn)
 g - a +0 pair of gloves (worn)
 i - a +0 helmet (worn)
Jewellery
 b - the ring of Music (left hand) {*Corrode rPois rC+ rN+ Int+2}
   (You acquired it on level 3 of the Dungeon)

   [ring of protection from cold]

   Int:       It affects your intelligence (+2).
   rC:        It protects you from cold.
   rPois:     It protects you from poison.
   rN:        It protects you from negative energy.
   *Corrode:  It may corrode you when you take damage.
Scrolls
 l - a scroll of identify
Potions
 c - a potion of berserk rage {unknown}
 e - a potion of degeneration {unknown}
 f - a potion of attraction {unknown}
 j - 2 potions of enlightenment
 k - a potion of heal wounds

Dungeon Overview and Level Annotations

Branches:
Dungeon (5/15)
 Temple: D:4-7

Altars:
Makhleb


Message History

You see here a +0 short sword.
h - a scroll of teleportation
Enter note:
Enter note:
Enter note: Done exploring.
2656 ||| READING 2 scrolls of identify.
As you read the scroll of identify, it crumbles to dust.
a - a potion of brilliance;
2656 ||| IDENTIFYING smoky brown potion Done exploring.
2657 ||| DROPPING potion of brilliance.
You drop a potion of brilliance.
Done exploring.
(D) Dungeon
Where to? (* - list waypoints, Enter - D:4, ? - help)
What level of the Dungeon? (default 1, ? - help)
Things that are here:
a +0 dagger; a +0 robe; an orc skeleton
There is a stone staircase leading down here.
You climb downwards.
The ogre shouts!
The gnoll shouts! x2; You hear a shout!
The gnoll shouts!
Found a scale mail and 16 gold pieces.
There is a stone staircase leading up here.
There are monsters nearby!
Waypoint 4 assigned to D:5.
You shoot an arrow. The arrow hits the ogre!
The ogre is moderately wounded.
A gnoll comes into view. It is wielding a +1 spear of freezing.
You shoot an arrow. The arrow hits the ogre.
The ogre is heavily wounded.
You shoot an arrow. The arrow hits the ogre.
The ogre is severely wounded.
The ogre hits you with a +0 giant club!!
Ouch! That really hurt!
2673 ||| STAIRDANCE You climb upwards.
There is a stone staircase leading down here.
2675 ||| READING scroll of teleportation.
As you read the scroll of teleportation, it crumbles to dust.
You feel strangely unstable. The ogre hits you with a +0 giant club!
You die...

#######............)..#..####....
# ###...............## ####.
############.>......).### #.
.......#####........).###### ##
#...##....##.........[##.!.# #
.....####..##>.......###...# #
......# ##.##........###...#
......# #.#.....O.........###
......####./....@...[.##.....#
.<....................##...#.#
...(..######........)..#####.#
......# #..............)..####
......# ##........######<....#
.....## ##......### ####..#
#...## #####....# #... #####
####.## #... #..# #...


You could see an ogre.

Vanquished Creatures
  An ogre (D:3)
  Jessica (D:3)
  An orc wizard (D:4)
  Robin (D:4)
  4 adders
  2 worms (D:4)
  4 dart slugs
  6 orcs (D:4)
  5 endoplasms
  11 goblins
  7 hobgoblins
  3 jackals (D:2)
  11 kobolds
  A quokka (D:2)
  6 ball pythons
  2 bats
  A frilled lizard (D:2)
  7 rats
74 creatures vanquished.

Notes
Turn   | Place    | Note
-------+----------+-------------------------------------------
     0 | D:1      | qw the Deep Elf Hunter began the quest for the Orb.
     0 | D:1      | Reached XP level 1. HP: 12/12 MP: 3/3
     0 | D:1      | 0 ||| qw: Version: 0.3-a-9-g12657ce
     0 | D:1      | 0 ||| qw: Game counter: 2751
     0 | D:1      | 0 ||| qw: Always use a shield: true
     0 | D:1      | 0 ||| qw: God list: Okawaru
     0 | D:1      | 0 ||| qw: Allow faded altars: false
     0 | D:1      | 0 ||| qw: Do Orc after D:15 true
     0 | D:1      | 0 ||| qw: Do second Lair branch before Depths: true
     0 | D:1      | 0 ||| qw: Lair rune preference: random
     0 | D:1      | 0 ||| qw: Plans: Normal
     0 | D:1      | 0 ||| PLANNING D:1-11
    57 | D:1      | Found a faded altar of an unknown god.
    87 | D:1      | Reached skill level 6 in Ranged Weapons
    87 | D:1      | Reached XP level 2. HP: 16/16 MP: 4/4
   380 | D:1      | 380 ||| UPGRADING to +0 ring mail.
   417 | D:1      | 417 ||| DROPPING +0 leather armour.
   663 | D:1      | 663 ||| READING scroll labelled ORASOD JUTANTOTOPH.
   664 | D:1      | 664 ||| READING scroll labelled PASYEQ WOEDURA.
   665 | D:1      | 665 ||| DROPPING scroll of butterflies.
   667 | D:1      | 667 ||| Stepping ~*~*~tactically~*~*~ (cloud).
   672 | D:1      | HP: 4/16 [poisoned by you (poison gas)]
   812 | D:2      | 812 ||| FLEEEEING.
   813 | D:2      | 813 ||| FLEEEEING.
   814 | D:2      | 814 ||| FLEEEEING.
   891 | D:2      | Reached XP level 3. HP: 20/20 MP: 5/5
  1165 | D:2      | Reached skill level 7 in Ranged Weapons
  1267 | D:2      | Found a burning altar of Makhleb.
  1385 | D:2      | 1385 ||| UPGRADING to +0 helmet.
  1390 | D:2      | 1390 ||| READING 2 scrolls labelled OHUXZI WEKHLOE.
  1391 | D:2      | 1391 ||| READING scroll labelled HOVVYID IGARGH.
  1392 | D:2      | 1392 ||| READING scroll labelled DIF XIOLUEBLU.
  1393 | D:2      | 1393 ||| DRINKING 2 fizzy green potions.
  1394 | D:2      | 1394 ||| DROPPING scroll of fear.
  1521 | D:3      | Noticed an ogre
  1525 | D:3      | Killed an ogre
  1526 | D:3      | Reached skill level 8 in Ranged Weapons
  1526 | D:3      | Reached XP level 4. HP: 25/25 MP: 6/6
  1526 | D:3      | Reached XP level 5. HP: 29/29 MP: 7/7
  1544 | D:3      | Noticed Jessica
  1545 | D:3      | 1545 ||| Stepping ~*~*~tactically~*~*~ (outnumbered).
  1547 | D:3      | 1547 ||| Stepping ~*~*~tactically~*~*~ (outnumbered).
  1549 | D:3      | 1549 ||| Stepping ~*~*~tactically~*~*~ (outnumbered).
  1552 | D:3      | Killed Jessica
  1902 | D:3      | 1902 ||| READING scroll of enchant weapon.
  1902 | D:3      | 1902 ||| ENCHANTING +1 shortbow.
  2098 | D:3      | 2098 ||| READING scroll labelled MIAS OKOKKEIHU.
  2098 | D:3      | Identified a scroll of acquirement
  2098 | D:3      | 2098 ||| ACQUIRING ring of Music {*Corrode rPois rC+ rN+
                  | Int+2}
  2098 | D:3      | Acquired the ring of Music {*Corrode rPois rC+ rN+ Int+2}
  2100 | D:3      | 2100 ||| UPGRADING to ring of Music {*Corrode rPois rC+ rN+
                  | Int+2}.
  2101 | D:3      | 2101 ||| READING scroll labelled PIUMEYW XULO.
  2105 | D:3      | 2105 ||| READING scroll labelled YTUNAX ARGHY.
  2106 | D:3      | 2106 ||| READING 2 scrolls of identify.
  2106 | D:3      | 2106 ||| IDENTIFYING yellow potion
  2177 | D:4      | Reached skill level 9 in Ranged Weapons
  2185 | D:4      | 2185 ||| DRINKING potion of curing.
  2185 | D:4      | 2185 ||| (to cure confusion)
  2187 | D:4      | 2187 ||| FLEEEEING.
  2188 | D:4      | 2188 ||| FLEEEEING.
  2189 | D:4      | 2189 ||| FLEEEEING.
  2190 | D:4      | 2190 ||| FLEEEEING.
  2191 | D:4      | 2191 ||| FLEEEEING.
  2192 | D:4      | 2192 ||| FLEEEEING.
  2193 | D:4      | 2193 ||| FLEEEEING.
  2194 | D:4      | 2194 ||| FLEEEEING.
  2197 | D:4      | 2197 ||| FLEEEEING.
  2198 | D:4      | 2198 ||| STAIRDANCE
  2240 | D:3      | 2240 ||| UPGRADING to +0 pair of gloves.
  2485 | D:4      | Noticed Robin
  2486 | D:4      | Reached skill level 1 in Armour
  2503 | D:4      | Killed Robin
  2504 | D:4      | Reached XP level 6. HP: 28/35 MP: 8/8
  2656 | D:4      | 2656 ||| READING 2 scrolls of identify.
  2656 | D:4      | 2656 ||| IDENTIFYING smoky brown potion
  2657 | D:4      | 2657 ||| DROPPING potion of brilliance.
  2669 | D:5      | Entered Level 5 of the Dungeon
  2672 | D:5      | HP: 5/35 [ogre/+0 giant club (30)]
  2673 | D:5      | 2673 ||| STAIRDANCE
  2675 | D:4      | 2675 ||| READING scroll of teleportation.
  2675 | D:4      | Mangled by an ogre

Levels and vault maps discovered:
D:1:      eino_arrival_water_star, layout_basic,
          shapermc_ecumenical_altar_flowoftime,
          nicolae_concentric_dashed_squares_mild, grunt_decor_mini_mirrors
D:2:      layout_basic, basic_altar, chequers_jeans, minivault_27,
          kennysheep_generic_room_9
D:3:      layout_basic, uniq_jessica
D:4:      layout_rooms, uniq_robin
D:5:      layout_basic, trog_three_pillars_becter, minmay_temple_entry_tees,
          st_stairs_12

Skill      XL: |  1  2  3  4  5 |
---------------+----------------+-----
Ranged Weapons | 6 8 9 |  9.1
Fighting       | 2 |  2.1
Armour         | 1 |  1.0
Dodging        | |  2.4
Stealth        | |  1.2

Action                     |  1- 3 |  4- 6 || total
---------------------------+-------+-------++-------
   Fire: Shortbow          |    92 |   102 ||   194
    Use: Scroll            |     5 |     7 ||    12
         Potion            |     1 |     1 ||     2
 Armour: Ring mail         |     2 |    13 ||    15
  Dodge: Dodged            |     5 |    18 ||    23

Table legend:
 A = Non-vault XP
 B = Vault XP
 C = Vault XP percentage of total XP
 D = Non-vault monster count
 E = Vault monster count
 F = Vault count percentage of total count
                 A         B        C        D         E       F
            +---------+---------+-------+---------+---------+-------
      Total |     329 |      71 |  17.8 |      62 |      12 |  16.2
            +---------+---------+-------+---------+---------+-------
        D:1 |      23 |       0 |   0.0 |      12 |       0 |   0.0
        D:2 |      55 |       0 |   0.0 |      25 |       0 |   0.0
        D:3 |     138 |      37 |  21.1 |       7 |       1 |  12.5
        D:4 |     113 |      34 |  23.1 |      18 |      11 |  37.9
            +---------+---------+-------+---------+---------+-------
